Map: Ice and Chrome LE

Players

Ashiro - Winner!

  • Race: Zerg Zerg
  • League: Master
  • Spawn Location: 1:00

babyboggler

  • Race: Protoss Protoss
  • League: Diamond
  • Spawn Location: 7:00

VOD

Have the link to the VOD?

Description

Time

  • Played on: Aug. 17, 2020, 9:39 p.m.
  • Length: 3:17
Show
View Real Time Build Order
Export as new Build Order

Ashiro Zerg - Winner!

Build Orders: Hatch First 

Get SALT Encoding   

  12  0:00  Drone  
  13  0:13  Overlord  
  13  0:18  Drone  
  14  0:31  Drone x2  
  16  0:49  Hatchery  
  15  0:53  Drone  
  15  0:55  Drone  
  17  0:59  Drone  
  18  1:09  Extractor  
  17  1:15  Spawning Pool  
  17  1:17  Drone  
  17  1:21  Drone  
  18  1:28  Drone  
  19  1:40  Drone  
  20  1:51  Overlord  
  20  2:02  Queen x2  
  20  2:03  Zergling x4  
  26  2:16  Drone x2  
  28  2:24  Drone x2  
  30  2:34  Drone x2  
  32  2:44  Hatchery  
  32  2:49  Overlord  
  31  2:53  Drone  
Show
View Real Time Build Order
Export as new Build Order

babyboggler Protoss 

Build Orders: 1 Gate Expand 

Get SALT Encoding   

  12  0:00  Probe  
  13  0:12  Probe  
  14  0:19  Pylon  
  14  0:24  Probe  
  15  0:38  Gateway  
  15  0:39  Probe (Chrono Boost)  
  16  0:47  Assimilator  
  16  0:48  Probe (Chrono Boost)  
  17  0:53  Probe (Chrono Boost)  
  18  1:17  Nexus  
  18  1:20  Probe  
  20  1:35  Cybernetics Core  
  20  1:36  Probe  
  20  1:43  Assimilator  
  20  1:48  Probe  
  20  1:52  Pylon  
  21  2:00  Probe  
  22  2:11  Stargate  
  22  2:12  Adept (Chrono Boost)  
  24  2:16  Probe  
  25  2:28  Probe  
  25  2:29  Probe  
  27  2:41  Probe x2  
  31  2:53  Probe x2  
  34  3:09  Pylon  
Tags
 
Add a new tag
Caveats
  • Supply blocks, unpowered buildings, or Contaminate may cause inaccurate times.
  • Supply counts are checked every 10 seconds.